 Dungeon Crawl Stone Soup version 0.18-a0-1789-gbeff17f (webtiles) character file.

28992 Ijustatesigmund the Grappler (level 13, -9/137 HPs)
             Began as a Troll Hunter on Apr 21, 2016.
             Was a High Priest of Okawaru.
             Killed from afar by a raiju (26 damage)
             ... with a living lightning
             ... on level 2 of the Abyss.
             The game lasted 00:54:36 (11529 turns).

Ijustatesigmund the Grappler (Troll Hunter)        Turns: 11529, Time: 00:54:36

Health: -9/137     AC:  7    Str: 23      XL:     13   Next: 12%
Magic:  0/14       EV: 15    Int:  6 (7)  God:    Okawaru [*****.]
Gold:   1263       SH:  0    Dex: 12 (14) Spells: 0 memorised, 12 levels left

rFire  + . .     SeeInvis +       - Unarmed
rCold  . . .     Gourm    +     Q - +0 robe {rF+}
rNeg   . . .     Faith    .     (no shield)
rPois  .         Spirit   +     (helmet restricted)
rElec  .         Dismiss  .     p - +2 cloak
rCorr  .         Reflect  .     (gloves unavailable)
SustAt .         Harm     .     (boots unavailable)
MR     .....                    n - amulet of guardian spirit
Stlth  ++........               a - ring of see invisible
                                T - ring of stealth

@: about to teleport, not resistant to hostile enchantments, unstealthy
A: unfitting armour, claws 3, deformed body, deterioration 1, fast metabolism 3,
gourmand, regeneration 2, shaggy fur 1, tough skin 2
a: Heroism, Finesse, Renounce Religion


You were on level 2 of the Abyss.
You worshipped Okawaru.
Okawaru was extremely pleased with you.
You were full.

You visited 2 branches of the dungeon, and saw 14 of its levels.
You visited the Abyss 1 time.
You also visited: Ossuary, Bailey and Ice Cave.

You collected 1263 gold pieces.

Inventory:

Missiles
 c - 8 steel javelins
 d - 3 throwing nets
 m - 7 large rocks (quivered)
Armour
 b - a +1 robe
 i - a +2 robe of magic resistance
 p - a +2 cloak (worn)
 O - a +0 shield
 P - a +0 fire dragon armour
 Q - a +0 robe of fire resistance (worn)
Jewellery
 a - a ring of see invisible (right claw)
 e - an uncursed ring of sustain attributes
 g - an uncursed ring of ice
 n - an amulet of guardian spirit (around neck)
 v - an uncursed ring of flight
 w - a +2 ring of strength
 B - an uncursed ring of positive energy
 T - a ring of stealth (left claw)
Wands
 G - a wand of acid (7/15)
 J - a wand of lightning (1/15)
 K - a wand of slowing (22/48)
 S - a wand of polymorph (2/24)
Scrolls
 s - 3 scrolls of amnesia
 y - 7 scrolls of remove curse
 H - 4 scrolls of recharging
 I - a scroll of enchant weapon
 R - a scroll of teleportation
Potions
 h - 3 potions of brilliance
 o - a potion of cure mutation {unknown}
 t - 2 potions of mutation
 x - 3 potions of flight
 A - 3 potions of lignification
 C - 2 potions of curing
 D - 2 potions of might
 M - 4 potions of resistance
 N - a potion of agility {unknown}
Books
 u - a book of Conjurations

   Spells                             Type                      Level
   a - Magic Dart                     Conjuration                  1
   b - Searing Ray                    Conjuration                  2
   c - Dazzling Spray                 Conjuration/Hexes            3
   d - Fulminant Prism                Conjuration/Hexes            4
   e - Iskenderun's Mystic Blast      Conjuration                  4
   f - Iskenderun's Battlesphere      Conjuration/Charms           5
 E - a book of Alchemy

   Spells                             Type                      Level
   a - Sublimation of Blood           Necromancy                   2
   b - Ignite Poison                  Fire/Transmutation/Poison    3
   c - Petrify                        Transmutation/Earth          4
   d - Alistair's Intoxication        Transmutation/Poison         5
   e - Irradiate                      Conjuration/Transmutation    5
 L - a book of Frost

   Spells                             Type                      Level
   a - Freeze                         Ice                          1
   b - Throw Frost                    Conjuration/Ice              2
   c - Ozocubu's Armour               Charms/Ice                   3
   d - Throw Icicle                   Conjuration/Ice              4
   e - Summon Ice Beast               Ice/Summoning                4
Comestibles
 f - 8 bread rations
 j - 5 beef jerkies
 k - 3 royal jellies
 l - 13 fruits
 q - 3 meat rations


   Skills:
 + Level 11.0 Fighting
 - Level 6.1 Throwing
 + Level 11.2 Dodging
 - Level 0.4 Stealth
 + Level 13.7 Unarmed Combat
 - Level 3.8 Invocations


You had 12 spell levels left.
You didn't know any spells.

Dungeon Overview and Level Annotations

Branches:
Dungeon (12/15)            Temple (0/1) D:5             Orc (2/2) D:12
    Elf (0/3) Orc:2
   Lair: D:8-11

Altars:
Elyvilon
Gozag
Okawaru
Pakellas
Trog
Xom
Yredelemnul
Zin
Beogh

Shops:
D:8 =   D:11 [   D:12 (   Orc:2 *:*(

Annotations:
D:11 Erolcha
Orc:2 Maud


Innate Abilities, Weirdness & Mutations

You are too large for most types of armour.
You have claws for hands.
Your metabolism is lightning-fast.
You like to eat raw meat.
You heal very quickly.
You are covered in fur (AC +1).
You have very tough skin (AC +2).
Armour fits poorly on your strangely shaped body.
Your body sometimes deteriorates upon taking damage.


Message History

* * * LOW HITPOINT WARNING * * *
The raiju shocks you!
* * * LOW HITPOINT WARNING * * *
The raiju bursts into living lightning!
The living lightning hits you!
* * * LOW HITPOINT WARNING * * *
The living lightning hits you!
* * * LOW HITPOINT WARNING * * *
The raiju blinks!
Drink which item? (? for menu, Esc to quit)
You feel much better.
The raiju bursts into living lightning!
The living lightning hits you!
* * * LOW HITPOINT WARNING * * *
Your body deteriorates!
You feel clumsy. The living lightning misses you.
The raiju blinks!
The raiju bursts into living lightning!
The living lightning hits the raiju.
The raiju completely resists.
The living lightning hits you!
You die...

###...# ###. ..
. .#..# # ..# .#
# ####.###.# ..
h### .. #.#.§..#
#.#.# .#.#..#
...#...## .h.
.(...# .
#.#.##.####.##
....##. ....#
##...#
#.##h#....#
#..§. .
....#h...# ...
..#. . .#..#@.##
..
####.....##.#.##
...
#...##.#######
... ###. #. ...
. #. . # .# #


You could see 4 raiju.

Vanquished Creatures
  An ettin (Orc:1)
  A great orb of eyes (Abyss:2)
  An ogre mage (Orc:2)
  3 orc high priests
  An unseen horror (D:12)
  3 hill giants
  A necromancer (IceCv)
  A deep elf mage (D:12)
  3 orc knights
  4 ice statues (IceCv)
  A centaur skeleton (D:10)
  A kobold demonologist (D:11)
  7 ice devils (IceCv)
  A queen bee (D:11)
  A two-headed ogre (Orc:2)
  2 trolls
  5 raiju (Abyss:2)
  A blink frog (Abyss:2)
  A boulder beetle (Orc:1)
  2 wraiths
  2 vampires
  A flying skull (Abyss:2)
  A neqoxec (Abyss:2)
  A chaos spawn (Abyss:2)
  A warg (Orc:1)
  2 water moccasins
  An ice beast (D:12)
  A sky beast (D:9)
  26 orc warriors
  5 centaurs
  7 ogres
  4 phantoms
  The ghost of Zleub the Shooter, an amateur HEHu (D:3)
  3 big kobolds
  2 giant frogs
  A gnoll sergeant (D:10)
  3 scorpions
  9 killer bees
  9 wights (D:9)
  4 electric eels (Bailey)
  3 howler monkeys
  9 crimson imps
  6 hounds
  A draconian simulacrum (IceCv)
  2 gnoll shamans
  20 orc wizards
  9 orc priests
  3 iguanas
  A giant frog skeleton (D:9)
  6 worker ants
  A spriggan simulacrum (IceCv)
  Terence (D:3)
  5 troll simulacra (IceCv)
  2 centaur simulacra (IceCv)
  A hound skeleton (D:7)
  A mummy (Ossuary)
  A worker ant zombie (D:5)
  19 gnolls
  9 adders
  A naga simulacrum (IceCv)
  2 shadow imps (D:9)
  12 white imps (D:12)
  2 oozes
  An adder skeleton (D:5)
  4 worms
  3 dart slugs (D:1)
  8 giant geckos
  98 orcs
  8 bats
  9 giant cockroaches
  15 goblins
  11 hobgoblins
  16 jackals
  21 kobolds
  3 quokkas
  A ball python (D:2)
  4 giant newts
  7 gnoll skeletons (Ossuary)
  4 kobold skeletons (Ossuary)
  13 orc skeletons (Ossuary)
  A quokka skeleton (D:5)
  8 rats
  A lurking horror (Abyss:2)
478 creatures vanquished.

Vanquished Creatures (others)
  3 orcs
  A quokka (D:7)
  A kobold (D:12)
5 creatures vanquished.

Grand Total: 483 creatures vanquished

Notes
Turn   | Place    | Note
--------------------------------------------------------------
     0 | D:1      | Ijustatesigmund the Troll Hunter began the quest for the Orb.
     0 | D:1      | Reached XP level 1. HP: 19/19 MP: 0/0
    17 | D:1      | Reached skill level 1 in Unarmed Combat
    28 | D:1      | Reached XP level 2. HP: 28/28 MP: 1/1
   331 | D:1      | Reached skill level 2 in Unarmed Combat
   487 | D:1      | Reached XP level 3. HP: 29/35 MP: 2/2
   783 | D:2      | Found an iron altar of Okawaru.
   786 | D:2      | Became a worshipper of Warmaster Okawaru
   801 | D:2      | Found a bloodstained altar of Trog.
   925 | D:2      | Reached skill level 3 in Unarmed Combat
   925 | D:2      | Reached XP level 4. HP: 40/42 MP: 3/3
  1049 | D:2      | Found an opulent altar of Gozag.
  1051 | D:2      | Found an oddly glowing altar of Pakellas.
  1370 | D:2      | Found a basalt altar of Yredelemnul.
  1383 | D:2      | Found a glowing silver altar of Zin.
  1555 | D:3      | Noticed Terence
  1559 | D:3      | Killed Terence
  1559 | D:3      | Reached skill level 1 in Invocations
  1621 | D:3      | Reached XP level 5. HP: 48/50 MP: 4/4
  1662 | D:3      | Noticed Zleub's ghost (amateur HEHu)
  1664 | D:3      | Killed Zleub's ghost
  1664 | D:3      | Reached skill level 4 in Unarmed Combat
  1867 | D:3      | Reached * piety under Okawaru
  1921 | D:3      | Reached XP level 6. HP: 57/59 MP: 6/6
  2328 | D:4      | Reached skill level 5 in Unarmed Combat
  2464 | D:4      | Reached XP level 7. HP: 67/67 MP: 8/8
  2535 | D:4      | Reached ** piety under Okawaru
  2717 | D:5      | Entered Level 5 of the Dungeon
  2792 | D:5      | Reached skill level 6 in Unarmed Combat
  2796 | D:5      | Found a sand-covered staircase.
  2830 | Ossuary  | Entered an ossuary
  2830 | Ossuary  | Noticed a wraith
  2830 | Ossuary  | Noticed a wraith
  2830 | Ossuary  | Noticed a wraith
  2910 | Ossuary  | Noticed a wraith
  2931 | Ossuary  | Killed a wraith
  3098 | D:5      | Found a staircase to the Ecumenical Temple.
  3103 | D:5      | Reached XP level 8. HP: 76/78 MP: 6/9
  3259 | D:5      | Reached skill level 7 in Unarmed Combat
  3353 | D:5      | You fall through a shaft for 3 floors!
  3456 | D:7      | Reached *** piety under Okawaru
  3552 | D:7      | Reached skill level 5 in Fighting
  3564 | D:7      | Found a white marble altar of Elyvilon.
  3632 | D:6      | Reached skill level 8 in Unarmed Combat
  4341 | D:7      | Found a shimmering altar of Xom.
  4425 | D:7      | Reached XP level 9. HP: 88/88 MP: 8/10
  4819 | D:8      | Found Wesoy's Jewellery Shoppe.
  4922 | D:8      | Reached skill level 9 in Unarmed Combat
  5443 | D:9      | Noticed a troll
  5449 | D:9      | Killed a troll
  5449 | D:9      | Reached **** piety under Okawaru
  5449 | D:9      | Received a gift from Okawaru
  5566 | D:9      | Reached skill level 10 in Unarmed Combat
  5609 | D:9      | Found a flagged portal.
  5618 | Bailey   | Entered a bailey
  5744 | Bailey   | Found an iron altar of Okawaru.
  5744 | Bailey   | Noticed an orc high priest
  5744 | Bailey   | Noticed an orc high priest
  5745 | Bailey   | Noticed a red devil
  5745 | Bailey   | Noticed a hellwing
  5747 | Bailey   | Noticed an ice devil
  5748 | Bailey   | Noticed a rust devil
  5751 | Bailey   | Gained mutation: Armour fits poorly on your strangely shaped body. [a neqoxec]
  5758 | Bailey   | Gained mutation: Your body sometimes deteriorates upon taking damage. [a neqoxec]
  5929 | Bailey   | Killed an orc high priest
  5929 | Bailey   | Reached skill level 11 in Unarmed Combat
  5929 | Bailey   | Reached XP level 10. HP: 100/100 MP: 8/11
  5930 | Bailey   | Noticed a sixfirhy
  5936 | Bailey   | Killed an orc high priest
  5936 | Bailey   | Reached ***** piety under Okawaru
  5936 | Bailey   | Received a gift from Okawaru
  6235 | Bailey   | Noticed an orc knight
  6241 | Bailey   | Killed an orc knight
  6566 | Bailey   | Reached XP level 11. HP: 113/113 MP: 12/12
  6987 | D:10     | Entered Level 10 of the Dungeon
  6996 | D:10     | Received a gift from Okawaru
  7219 | D:10     | Reached skill level 12 in Unarmed Combat
  7228 | D:10     | Noticed a hill giant
  7231 | D:10     | Killed a hill giant
  7231 | D:10     | Received a gift from Okawaru
  7576 | D:10     | Received a gift from Okawaru
  7629 | D:11     | Found Zupsuzya's Armour Emporium.
  7659 | D:11     | Noticed Erolcha
  7673 | D:12     | Noticed a hill giant
  7677 | D:12     | Killed a hill giant
  7736 | D:12     | Noticed a deep elf mage
  7741 | D:12     | Killed a deep elf mage
  7741 | D:12     | Reached XP level 12. HP: 122/124 MP: 13/13
  7906 | D:12     | Found a frozen archway.
  7968 | IceCv    | Entered an ice cave
  8452 | IceCv    | Reached skill level 10 in Fighting
  8813 | D:12     | Found a staircase to the Orcish Mines.
  8834 | D:12     | Reached skill level 10 in Dodging
  8834 | D:12     | Reached skill level 13 in Unarmed Combat
  8959 | D:12     | Found Teos's Weapon Shop.
  9149 | Orc:1    | Entered Level 1 of the Orcish Mines
  9465 | Orc:2    | Entered Level 2 of the Orcish Mines
  9465 | Orc:2    | Found a roughly hewn altar of Beogh.
  9880 | Orc:1    | Noticed an ettin
  9892 | Orc:1    | Killed an ettin
 10066 | Orc:1    | Noticed an orc high priest
 10352 | Orc:1    | Killed an orc high priest
 10934 | Orc:2    | Found Gotutteu's Weapon Emporium.
 10934 | Orc:2    | Found Erphaw's Book Boutique.
 10934 | Orc:2    | Found Uzavack's Assorted Antiques.
 10934 | Orc:2    | Found Kupniem's Assorted Antiques.
 10934 | Orc:2    | Noticed an ogre mage
 10934 | Orc:2    | Noticed an ogre mage
 10935 | Orc:2    | Noticed an ogre mage
 10935 | Orc:2    | Noticed an ogre mage
 10940 | Orc:2    | Noticed Maud
 11098 | Orc:2    | Found a staircase to the Elven Halls.
 11119 | Orc:2    | Killed an ogre mage
 11174 | Orc:2    | Reached XP level 13. HP: 106/136 MP: 11/14
 11198 | Orc:2    | Cast into level 2 of the Abyss (an ogre mage)
 11398 | Abyss:2  | Received a gift from Okawaru
 11436 | Abyss:2  | Noticed a tentacled starspawn
 11444 | Abyss:2  | Found a corrupted altar of Lugonu.
 11529 | Abyss:2  | Killed from afar by a raiju

Vault maps used:
D:1:      dpeg_arrival_shelter, corner_web_ring
D:2:      overflow_temple_1_default, bloody_trog,
          amethyst_overflow_temple_binary, nicolae_overflow_hidden_temple,
          serial_forest, infiniplex_forest_straight_2,
          infiniplex_forest_clump_double, infiniplex_forest_lined_room_2,
          infiniplex_forest_lined_ring, infiniplex_forest_diagonal
D:3:      uniq_terence
D:4:      first_bread, kennysheep_nondescript
D:5:      minmay_temple_entry_purple_smoke, nicolae_ossuary_entry_monument,
          lexackson_kobold_supper
D:7:      elyvilon_altar_4, kennysheep_mini, hangedman_minor_gate_pass
D:8:      serial_shops, nicolae_shop_window_shopping
D:9:      enter_bailey_2
D:11:     dpeg_oklobed_lair, serial_shops, shop, david_nohive_1, uniq_erolcha
D:12:     hiddenorc1_lemuel, serial_shops, kennysheep_little_box,
          portal_ice_cave_entry_imps
Orc:1:    rock_pile
Orc:2:    st_orc_ogre_mass, basic_altar, uniq_maud, uniq_rupert
Abyss:2:  abyss_furniture_001
Ossuary:  ossuary_due_mausoleum
Bailey:   bailey_axe_of_yendor_kennysheep, bailey
IceCv:    ice_cave_tombish

Skill      XL: |  1  2  3  4  5  6  7  8  9 10 11 12 13 |
---------------+----------------------------------------+-----
Unarmed Combat | 1 2 3 4 5 6 8 11 12 13 | 13.7
Fighting       | 2 3 4 5 6 8 9 10 11 | 11.0
Invocations    | 1 2 3 |  3.8
Dodging        | 7 8 11 | 11.2
Throwing       | 6 |  6.1
Stealth        | |  0.4

Action                   |  1- 3 |  4- 6 |  7- 9 | 10-12 | 13-15 || total
-------------------------+-------+-------+-------+-------+-------++-------
Melee: Unarmed           |   125 |   185 |   439 |   594 |    41 ||  1384
       Punch             |     1 |     3 |    14 |    43 |     4 ||    65
Throw: Large rock        |       |     7 |     3 |    28 |     3 ||    41
       Javelin           |       |       |       |     6 |       ||     6
       Throwing net      |       |       |       |     2 |       ||     2
Invok: Heroism           |       |       |     6 |    24 |       ||    30
Evoke: Wand              |       |       |       |     6 |     1 ||     7
  Use: Scroll            |     4 |     2 |    13 |    11 |     2 ||    32
       Potion            |       |       |     4 |     6 |     1 ||    11
 Stab: Sleeping          |     3 |     3 |     4 |     5 |       ||    15
       Confused          |       |       |     3 |       |       ||     3
       Distracted        |       |       |       |     1 |     1 ||     2
  Eat: Chunk             |    11 |    17 |    27 |    54 |     1 ||   110
       Pizza             |       |       |       |     2 |       ||     2
Armor: Robe              |    59 |    70 |   154 |   106 |       ||   389
       Skin              |       |       |    25 |       |       ||    25
Dodge: Dodged            |    82 |    86 |   248 |   401 |    16 ||   833
